 Dungeon Crawl Stone Soup version 0.27.0-1-g7a089689b8 (webtiles) character file.

Game seed: 17213875875924529890

5233 bande the Cleaver (level 10, 0/61 HPs)
             Began as a Gargoyle Fighter on Aug 1, 2021.
             Was a Priest of Okawaru.
             Slain by a komodo dragon (8 damage)
             ... on level 12 of the Dungeon.
             The game lasted 00:20:04 (11823 turns).

bande the Cleaver (Gargoyle Fighter)               Turns: 11823, Time: 00:20:04

Health: 0/61       AC: 22    Str: 28    XL:     10   Next: 61%
Magic:  11/11      EV:  8    Int: 15    God:    Okawaru [***...]
Gold:   326        SH: 11    Dex: 10    Spells: 9/9 levels left

rFire    . . .     SeeInvis +   a - +1 war axe (vorpal)
rCold    . . .     Faith    +   c - +0 kite shield
rNeg     + . .     Spirit   .   g - +0 chain mail
rPois    ∞         Reflect  .   t - +0 helmet {SInv}
rElec    +         Harm     .   m - +2 cloak
rCorr    .         Rampage  .   (no gloves)
Will     .....                  (no boots)
Stlth    ..........             D - amulet of faith
HPRegen  0.20/turn              f - +6 ring of intelligence
MPRegen  0.12/turn              z - +6 ring of strength

@: no status effects
A: sickness immunity, AC +7, negative energy resistance 1, electricity
resistance, torment resistance 1, petrification resistance
a: Renounce Religion, Heroism


You were on level 12 of the Dungeon.
You worshipped Okawaru.
Okawaru was most pleased with you.
You visited 2 branches of the dungeon, and saw 13 of its levels.

You collected 326 gold pieces.

Inventory:

Hand Weapons
 a - a +1 vorpal war axe (weapon)
 l - a +0 flail of venom
Missiles
 e - 6 throwing nets (quivered)
Armour
 c - a +0 kite shield (worn)
 g - a +0 chain mail (worn)
 m - a +2 cloak (worn)
 t - a +0 helmet of see invisible (worn)
 y - a +2 hat
Jewellery
 f - a +6 ring of intelligence (left hand)
 r - a +6 ring of intelligence
 z - a +6 ring of strength (right hand)
 D - an amulet of faith (around neck)
Wands
 s - a wand of flame (4)
 w - a wand of paralysis (6)
 x - a wand of acid (10)
Scrolls
 b - 5 scrolls of identify
 h - a scroll of amnesia
 k - 2 scrolls of blinking
 o - 2 scrolls of enchant weapon
 q - 2 scrolls of fear
 v - 3 scrolls of teleportation
Potions
 d - 2 potions of might
 i - a potion of resistance
 j - a potion of curing
 n - 2 potions of cancellation
 p - 2 potions of magic
 A - a potion of haste
 B - a potion of flight


   Skills:
 + Level 6.6 Fighting
 + Level 8.6 Axes
 + Level 8.0 Armour
 - Level 2.1 Dodging
 + Level 8.1 Shields
 * Level 2.4 Invocations
 * Level 4.0 Evocations


You had 9 spell levels left.
You didn't know any spells.
Your spell library contained the following spells:

 Spells                   Type           Power      Damage    Failure   Level
 Slow                     Hex            0%         N/A       99%         2
 Confusing Touch          Hex            0%         N/A       100%        3
 Vampiric Draining        Necr           0%         2d6       100%        3
 Yara's Violent Unravell  Hex/Tmut       0%         3d3       100%        5


Dungeon Overview and Level Annotations

Branches:
Dungeon (13/15)            Temple (1/1) D:7
   Lair: D:8-11         Orc: D:9-12      Vaults: D:13-14

Altars:
Ashenzari
Dithmenos
Elyvilon
Fedhas
Gozag
Hepliaklqana
Makhleb
Okawaru
Qazlal
Ru
Trog
Uskayaw
Vehumet
Wu Jian
Xom
Yredelemnul
Zin
The Shining One
Jiyva

Shops:
D:1 [[   D:6 (:


Innate Abilities, Weirdness & Mutations

You are immune to sickness and miasma.
Your stone body is resilient. (AC +7)
You are immune to poison.
You resist negative energy. (rN+)
You are resistant to electric shocks. (rElec)
You are resistant to unholy torment.
You are immune to petrification.


Message History

You closely miss the komodo dragon. You block the komodo dragon's attack.
The komodo dragon bites you.
Your shield prevents you from hitting the komodo dragon.
The komodo dragon is heavily wounded.
You slash the komodo dragon! The komodo dragon bites you!
You block the komodo dragon's attack. The komodo dragon bites you!
* * * LOW HITPOINT WARNING * * *
You are too injured to fight recklessly!
You are too injured to fight recklessly!
You are too injured to fight recklessly!
You are too injured to fight recklessly!
You are too injured to fight recklessly!
You are too injured to fight recklessly!
You are too injured to fight recklessly!
You are too injured to fight recklessly!
Unknown command.
The komodo dragon bites you!
* * * LOW HITPOINT WARNING * * *
You feel much better. The komodo dragon bites you!
* * * LOW HITPOINT WARNING * * *
You closely miss the komodo dragon.
The komodo dragon is moderately wounded.
The komodo dragon bites you!
* * * LOW HITPOINT WARNING * * *
You feel much better. You block the komodo dragon's attack.
You hit the komodo dragon.
The komodo dragon is moderately wounded.
The komodo dragon bites you but does no damage.
You hit the komodo dragon.
The komodo dragon is moderately wounded.
The komodo dragon bites you!!
* * * LOW HITPOINT WARNING * * *
You barely miss the komodo dragon.
The komodo dragon is moderately wounded.
The komodo dragon bites you!
* * * LOW HITPOINT WARNING * * *
You hit the komodo dragon but do no damage.
The komodo dragon is moderately wounded.
The komodo dragon closely misses you. The komodo dragon bites you!
You die...

(.........# #
..........#
..........#
..........#### ..
..........'..##.#
..........##.##.#
..........##.##.###
..........##..#.#.#
[........###@#.#.#
######### #l#.#.#
#l..#.# ##.
###...#....(
##.......#
#...........
#>..........
#...........
#........$..


You could see 2 komodo dragons.

Vanquished Creatures
  A centaur warrior (D:8)
  A two-headed ogre (D:12)
  An ugly thing (D:12)
  A troll (D:7)
  A basilisk (D:13)
  4 vampire mosquitoes (D:11)
  An acid dragon (D:5)
  A water moccasin (D:5)
  A black bear (D:4)
  2 necrophages
  4 ogres
  4 ice beasts
  A kobold brigand (D:2)
  4 scorpions
  2 wyvern skeletons (D:7)
  4 howler monkeys (D:3)
  A bullfrog zombie (D:5)
  3 hounds (D:4)
  Crazy Yiuf (D:4)
  2 bullfrog skeletons
  2 gnoll shamans (D:7)
  An iguana (D:4)
  2 hound skeletons
  Robin (D:4)
  34 gnolls
  12 adders
  A white imp (D:7)
  An ufetubus (D:4)
  3 worms
  A dart slug (D:2)
  28 orcs
  12 bats
  9 endoplasms
  16 goblins
  8 hobgoblins
  19 jackals
  4 quokkas
  5 ball pythons
  4 frilled lizards
  A goblin zombie (D:4)
  10 kobolds
  6 rats
  A rat zombie (D:4)
  A spectral goblin (D:1)
222 creatures vanquished.

Vanquished Creatures (others)
  3 plants (D:3)
3 creatures vanquished.

Grand Total: 225 creatures vanquished

Notes
Turn   | Place    | Note
-------+----------+-------------------------------------------
     0 | D:1      | bande the Gargoyle Fighter began the quest for the Orb.
     0 | D:1      | Reached XP level 1. HP: 14/14 MP: 1/1
   130 | D:1      | Found Yherua's Antique Armour Shop.
   143 | D:1      | Reached XP level 2. HP: 19/19 MP: 2/2
   150 | D:1      | Found Jizoetuf's Armour Shoppe.
   756 | D:1      | Reached XP level 3. HP: 21/23 MP: 3/3
   857 | D:1      | Found a faded altar of an unknown god.
  1691 | D:2      | Reached XP level 4. HP: 27/28 MP: 4/4
  2017 | D:2      | Found a sacrificial altar of Ru.
  2290 | D:3      | Reached XP level 5. HP: 29/33 MP: 5/5
  2403 | D:3      | Reached skill level 1 in Dodging
  2403 | D:3      | Reached XP level 6. HP: 30/38 MP: 6/6
  2841 | D:3      | Found a glowing silver altar of Zin.
  4324 | D:3      | Reached XP level 7. HP: 25/43 MP: 7/7
  4478 | D:3      | Found a broken altar of Ashenzari.
  4559 | D:3      | Reached skill level 5 in Shields
  4564 | D:3      | Reached skill level 5 in Armour
  5260 | D:4      | Found a radiant altar of Vehumet.
  5344 | D:4      | Found a white marble altar of Elyvilon.
  5364 | D:4      | Reached skill level 5 in Axes
  5379 | D:4      | Reached XP level 8. HP: 45/48 MP: 8/8
  5591 | D:4      | Found a runed translucent door.
  5592 | D:4      | Noticed Crazy Yiuf
  5759 | D:4      | Noticed Robin
  5776 | D:4      | Killed Robin
  6043 | D:4      | Found a basalt altar of Yredelemnul.
  6163 | D:4      | Reached skill level 5 in Fighting
  6451 | D:4      | Found a glowing golden altar of the Shining One.
  6523 | D:4      | Killed Crazy Yiuf
  6606 | D:5      | Entered Level 5 of the Dungeon
  7398 | D:5      | Identified a scroll of acquirement
  7398 | D:5      | Acquired a +0 helmet of see invisible
  7558 | D:5      | Reached XP level 9. HP: 40/54 MP: 9/9
  7657 | D:5      | Found a blossoming altar of Fedhas.
  7716 | D:5      | Found a stormy altar of Qazlal.
  8206 | D:5      | Found a burning altar of Makhleb.
  8212 | D:5      | Reached skill level 1 in Evocations
  8571 | D:6      | Found Giuseep's Weapon Shop.
  9220 | D:6      | Found Yghyed's Book Boutique.
  9793 | D:7      | Found a staircase to the Ecumenical Temple.
  9803 | Temple   | Entered the Ecumenical Temple
 10143 | D:7      | Found an iron altar of Okawaru.
 10201 | D:7      | Became a worshipper of Warmaster Okawaru
 10417 | D:8      | Noticed a centaur warrior
 10418 | D:8      | Noticed a troll
 10623 | D:7      | Killed a troll
 10900 | D:8      | Killed a centaur warrior
 10900 | D:8      | Reached * piety under Okawaru
 10901 | D:8      | Reached XP level 10. HP: 52/61 MP: 10/10
 11007 | D:8      | Noticed a white ugly thing
 11007 | D:8      | You fall into a shaft and drop 3 floors!
 11018 | D:11     | Reached ** piety under Okawaru
 11019 | D:11     | Reached skill level 1 in Invocations
 11594 | D:11     | Noticed a four-headed hydra
 11594 | D:11     | You fall into a shaft and drop 2 floors!
 11684 | D:12     | Noticed a two-headed ogre
 11686 | D:12     | Noticed a cyan ugly thing
 11692 | D:12     | Killed a two-headed ogre
 11703 | D:12     | Killed a cyan ugly thing
 11703 | D:12     | Reached *** piety under Okawaru
 11814 | D:12     | HP: 2/61 [komodo dragon (10)]
 11823 | D:12     | Slain by a komodo dragon

Illustrated notes

Levels and vault maps discovered:
D:1:      amcnicky_arrival_underground_garden, layout_loops_ring,
          dreamdust_ecumenical_altar_drowned_temple, serial_shops,
          nicolae_square_shop, shop, hangedman_decor_push
D:2:      layout_loops_ring, basic_altar
D:3:      lemuel_castle_with_subvaults [lemuel_castle_interior_carwin_1],
          layout_basic, marbit_many_paths, mainiacjoe_overflow_small_starburst
D:4:      layout_loops_ring, lemuel_round_altar, nicolae_tso_swordbearing_angel,
          nicolae_vehumet_altar_sigil, enter_ossuary_4, minmay_ruined_shrine,
          uniq_crazy_yiuf_cottage, uniq_robin
D:5:      layout_layer_cave, grunt_temple_overflow_forces_of_nature,
          makhleb_blood_cavern_becter, grunt_ministairs_5,
          hangedman_decor_lopped, minmay_fountain_box, minmay_stone_trees_small,
          minmay_strange_pillars
D:6:      layout_loops_cross, serial_shops, nicolae_inconvenience_store,
          shop_fountains
D:7:      layout_basic, lemuel_tele_altar, temple_fountains
D:8:      minmay_diamond_stairs, layout_gridville, due_lair_maze_entry_diamond,
          serial_shops, nicolae_shop_statue_plus, uniq_prince_ribbit1
D:9:      layout_rooms, tgw_sif, mainiacjoe_overflow_paths,
          lightli_corner_chamber, uniq_maggie
D:11:     layout_rooms, chequers_serial_rivers_large_a
D:12:     layout_roguey
D:13:     layout_grid_maze, uniq_nessos
Temple:   pf_slimified_temple

Skill      XL: |  1  2  3  4  5  6  7  8  9 10 |
---------------+-------------------------------+-----
Axes           | 2 3 4 5 6 8 |  8.6
Armour         | 4 5 6 7 8 |  8.0
Shields        | 4 5 6 7 8 |  8.1
Fighting       | 4 5 6 |  6.6
Dodging        | 1 2 |  2.1
Evocations     | 3 4 |  4.0
Invocations    | 2 |  2.4

Action                   |  1- 3 |  4- 6 |  7- 9 | 10-12 || total
-------------------------+-------+-------+-------+-------++-------
Melee: War axe           |   110 |   188 |   374 |    44 ||   716
  Use: Scroll            |     3 |     1 |    10 |     1 ||    15
       Potion            |     1 |     5 |     2 |     2 ||    10
Armor: Scale mail        |    73 |    67 |       |       ||   140
       Skin              |     2 |       |       |       ||     2
       Chain mail        |       |    79 |   225 |    17 ||   321
Dodge: Dodged            |    36 |    82 |   111 |    23 ||   252
Block: Kite shield       |    48 |   177 |   243 |    33 ||   501
